Map: Dusk Towers

Players

MorroW

  • Race: Protoss Protoss
  • League: Master

AcerBly (Bly) - Winner!

  • Race: Zerg Zerg
  • League: Master

Event: DreamHack ZOWIE Open Leipzig

VOD

Have the link to the VOD?

Description

Time

  • Played on: Jan. 22, 2016, 10:56 a.m.
  • Length: 12:14

All games in this series

Show
View Real Time Build Order
Export as new Build Order

MorroW Protoss 

Build Orders: Nexus First 

Get SALT Encoding   

  12  0:01  Probe (Chrono Boost)  
  13  0:11  Probe (Chrono Boost)  
  14  0:17  Pylon  
  14  0:22  Probe (Chrono Boost)  
  15  0:35  Probe (Chrono Boost)  
  16  0:46  Probe (Chrono Boost)  
  17  0:58  Nexus  
  17  1:00  Probe (Chrono Boost)  
  18  1:11  Probe (Chrono Boost)  
  19  1:13  Gateway  
  19  1:18  Assimilator  
  19  1:21  Probe (Chrono Boost)  
  20  1:26  Assimilator  
  20  1:32  Probe (Chrono Boost)  
  21  1:37  Pylon  
  21  1:43  Probe (Chrono Boost)  
  22  1:47  Gateway  
  22  1:53  Probe (Chrono Boost)  
  23  2:00  Cybernetics Core  
  23  2:04  Probe (Chrono Boost)  
  24  2:10  Zealot  
  24  2:13  Probe (Chrono Boost)  
  28  2:15  Probe (Chrono Boost)  
  28  2:23  Probe (Chrono Boost)  
  28  2:26  Probe (Chrono Boost)  
  30  2:34  Probe (Chrono Boost)  
  30  2:36  Probe (Chrono Boost)  
  32  2:37  Adept x2 (Chrono Boost)  
  32  2:39  Warp Gate  
  36  2:45  Probe (Chrono Boost)  
  36  2:47  Probe (Chrono Boost)  
  38  2:54  Pylon  
  38  2:56  Probe  
  39  2:58  Pylon  
  39  2:59  Probe  
  38  3:08  Probe (Chrono Boost)  
  38  3:11  Probe (Chrono Boost)  
  40  3:17  Robotics Facility  
  40  3:20  Probe (Chrono Boost)  
  40  3:22  Probe (Chrono Boost)  
  42  3:31  Probe (Chrono Boost)  
  42  3:32  Assimilator  
  42  3:33  Pylon, Assimilator  
  45  3:34  Mothership Core (Chrono Boost)  
  45  3:41  Adept x2  
  45  3:44  Pylon  
  45  3:47  Pylon  
  45  3:48  Probe (Chrono Boost), Pylon  
  50  3:52  Probe (Chrono Boost)  
  51  4:05  Probe x2 (Chrono Boost), Warp Prism  
  55  4:10  Adept x2  
  55  4:16  Probe x2 (Chrono Boost)  
  57  4:24  Nexus  
  57  4:26  Probe (Chrono Boost)  
  58  4:34  Robotics Bay  
  58  4:35  Pylon  
  58  4:42  Observer  
  59  4:46  Zealot  
  59  4:47  Sentry  
  59  4:51  Probe x2 (Chrono Boost)  
  65  5:02  Probe (Chrono Boost)  
  66  5:10  Stalker x2  
  66  5:13  Probe x2 (Chrono Boost)  
  72  5:15  Assimilator  
  72  5:18  Assimilator  
  72  5:22  Probe (Chrono Boost)  
  72  5:23  Probe (Chrono Boost)  
  72  5:24  Disruptor (Chrono Boost)  
  72  5:25  Gravitic Drive  
  77  5:32  Probe  
  77  5:35  Probe  
  75  5:38  Probe  
  75  5:41  Stargate x2  
  76  5:43  Probe  
  76  5:44  Zealot  
  76  5:45  Zealot  
  81  5:51  Probe  
  81  5:52  Probe  
  83  5:58  Disruptor (Chrono Boost)  
  83  5:59  Probe  
  83  6:01  Probe  
  83  6:03  Pylon  
  88  6:07  Forge  
  88  6:08  Twilight Council  
  88  6:12  Probe x2, Pylon  
  88  6:13  Probe  
  88  6:14  Pylon  
  91  6:26  Protoss Ground Weapons Level 1  
  91  6:28  Phoenix  
  91  6:32  Observer (Chrono Boost), Phoenix x2  
  95  6:33  Charge  
  95  6:36  Zealot x2  
  95  6:48  Gateway, Protoss Air Weapons Level 1 (Chrono Boost)  
  95  6:50  Gateway  
  95  6:54  Gateway  
  95  6:55  Gateway  
  95  6:57  Phoenix  
  95  6:58  Photon Cannon  
  95  6:59  Photon Cannon  
  95  7:01  Photon Cannon  
  97  7:02  Probe x2  
  99  7:11  Zealot  
  99  7:12  Zealot  
  103  7:17  Templar Archives, Immortal  
  103  7:20  Phoenix  
  109  7:23  Phoenix  
  103  7:45  Phoenix  
  103  7:46  Sentry  
  103  7:48  Phoenix  
  103  7:49  Stalker  
  103  8:08  Zealot x4  
  103  8:10  Phoenix  
  109  8:13  Mothership Core, Phoenix  
  113  8:20  Nexus  
  113  8:23  Pylon, High Templar x2  
  113  8:25  Pylon  
  117  8:27  Pylon  
  117  8:34  Archon  
  117  8:35  Phoenix  
  117  8:37  Zealot  
  117  8:38  Zealot x3, Phoenix  
  129  8:44  Probe x2  
  129  8:48  Warp Prism  
  133  9:00  Phoenix  
  131  9:03  Phoenix  
  131  9:06  Fleet Beacon, Zealot  
  131  9:07  Zealot  
  137  9:23  Photon Cannon  
  137  9:24  Photon Cannon  
  135  9:25  Phoenix  
  135  9:28  Phoenix  
  125  9:32  Protoss Ground Weapons Level 2  
  123  9:39  Stalker x6  
  134  9:52  Gateway  
  134  9:57  Gateway  
  134  9:58  Gateway  
  134  9:59  Gateway  
  134  10:06  Anion Pulse-Crystals (Chrono Boost)  
  134  10:11  High Templar x3  
  138  10:17  High Templar  
  138  10:20  Zealot  
  138  10:21  Zealot  
  132  10:29  Photon Cannon  
  132  10:30  Photon Cannon  
  130  10:35  Archon  
  130  10:36  Probe, Archon  
  130  10:37  Probe x3  
  134  10:49  Zealot  
  136  10:52  Zealot x4  
  136  10:53  Zealot  
  139  10:57  Probe x2  
  139  11:00  Probe  
  139  11:01  Probe  
  125  11:09  Probe  
  125  11:10  Probe x2  
  127  11:14  Pylon  
  127  11:15  Zealot x7  
  142  11:21  Probe  
  136  11:30  High Templar  
  136  11:32  High Templar x2  
  122  11:41  High Templar x2  
  122  11:42  High Templar x2  
  120  11:51  Zealot x3  
  123  11:57  Archon x2  
  123  12:00  Probe  
  124  12:05  Pylon  
Show
View Real Time Build Order
Export as new Build Order

AcerBly Zerg - Winner!

Build Orders: Hatch First, Zergling Mutalisk 

Get SALT Encoding   

  12  0:00  Drone  
  13  0:12  Overlord  
  13  0:18  Drone  
  14  0:31  Drone x2  
  14  0:34  Drone  
  17  0:52  Hatchery  
  17  0:56  Drone  
  17  1:07  Spawning Pool  
  16  1:13  Drone  
  16  1:14  Drone  
  16  1:17  Drone  
  19  1:37  Hatchery  
  18  1:54  Zergling x6  
  21  2:03  Queen  
  21  2:04  Zergling x2  
  21  2:07  Queen  
  26  2:10  Drone  
  27  2:16  Drone  
  27  2:19  Overlord  
  28  2:25  Overlord  
  28  2:39  Drone x2  
  28  2:40  Drone  
  28  2:41  Queen  
  33  2:52  Overlord  
  33  2:53  Drone x2  
  32  3:06  Drone x2  
  32  3:09  Drone x2  
  32  3:11  Drone x3  
  39  3:14  Overlord  
  39  3:21  Drone x4  
  39  3:26  Queen  
  44  3:31  Extractor  
  44  3:32  Extractor  
  42  3:38  Drone x2  
  42  3:39  Zergling x2  
  42  3:40  Zergling x6  
  48  3:45  Drone x2  
  50  3:49  Drone x2  
  50  3:50  Drone  
  53  3:55  Overlord  
  53  3:56  Drone x3  
  56  4:04  Drone x2  
  54  4:20  Drone x4  
  54  4:22  Drone x3  
  60  4:24  Lair  
  60  4:25  Drone x4  
  60  4:26  Drone  
  65  4:36  Drone x6  
  65  4:37  Metabolic Boost  
  71  4:40  Extractor x2  
  71  4:42  Extractor x2  
  67  4:53  Drone x2  
  67  4:54  Drone x2  
  67  4:55  Overlord x2  
  71  5:00  Zergling x4  
  71  5:01  Overlord  
  73  5:15  Zergling x8  
  73  5:18  Drone x4  
  73  5:19  Drone  
  82  5:27  Overlord  
  79  5:33  Spire  
  79  5:34  Drone x4  
  80  5:37  Overseer  
  80  5:52  Hatchery, Overlord, Drone x2  
  80  5:53  Drone x4  
  85  5:59  Infestation Pit  
  84  6:05  Overseer  
  84  6:08  Hatchery  
  84  6:10  Overlord  
  81  6:40  Hive  
  81  6:46  Mutalisk x11  
  97  6:48  Drone x2  
  97  6:49  Overlord  
  97  6:50  Overlord  
  97  6:51  Overlord  
  105  6:54  Extractor  
  105  6:56  Overlord x2  
  105  6:57  Zerg Flyer Weapons Level 1, Extractor  
  95  7:09  Mutalisk x2  
  95  7:12  Drone x5  
  95  7:13  Drone x6  
  110  7:16  Overlord  
  110  7:23  Drone x4  
  110  7:24  Drone x4  
  118  7:36  Mutalisk  
  118  7:37  Mutalisk x4  
  118  7:39  Extractor  
  127  7:44  Extractor  
  127  7:49  Overlord  
  118  8:03  Viper x3  
  123  8:12  Mutalisk x2  
  127  8:13  Zergling x2  
  127  8:14  Zergling x30  
  127  8:15  Overlord  
  143  8:27  Mutalisk x2  
  143  8:28  Mutalisk, Spine Crawler x2  
  143  8:31  Spine Crawler  
  146  8:34  Evolution Chamber  
  146  8:40  Adrenal Glands  
  142  8:48  Mutalisk x2  
  142  8:49  Mutalisk x2  
  142  8:53  Zergling x2  
  142  8:54  Zergling x26  
  164  9:03  Zerg Melee Weapons Level 1  
  164  9:08  Ultralisk Cavern  
  163  9:17  Zergling x6  
  163  9:22  Spine Crawler  
  164  9:24  Spine Crawler  
  164  9:30  Hatchery  
  142  9:44  Viper x2  
  142  9:45  Viper  
  148  9:49  Corruptor x5  
  158  9:56  Chitinous Plating  
  158  9:59  Drone x5  
  160  10:24  Ultralisk x2  
  160  10:25  Overlord x2  
  168  10:35  Ultralisk  
  173  10:44  Spore Crawler  
  173  10:46  Drone  
  173  10:47  Drone x2  
  173  10:49  Spore Crawler  
  163  11:05  Ultralisk x2  
  163  11:06  Ultralisk  
  176  11:14  Overlord  
  159  11:37  Zergling x2  
  159  11:38  Zergling x10  
  159  11:39  Mutalisk x7  

Tags
 
Add a new tag
Caveats
  • Supply blocks, unpowered buildings, or Contaminate may cause inaccurate times.
  • Supply counts are checked every 10 seconds.